 Dungeon Crawl Stone Soup version 0.15-a0-1345-gc375f20 (webtiles) character file.

577 Quh the Shooter (level 7, -1/48 HPs)
             Began as a Demonspawn Hunter on June 8, 2014.
             Slain by an orc wizard
             ... wielding a +0,+0 dagger
              (4 damage)
             ... on Level 3 of the Dungeon.
             The game lasted 00:15:42 (3585 turns).

Quh the Shooter (Demonspawn Hunter)                 Turns: 3585, Time: 00:15:42

HP  -1/48        AC 11     Str 15      XL: 7   Next: 13%
MP   0/7         EV  8     Int 12      God:
Gold 224         SH  0     Dex 13      Spells:  0 memorised,  6 levels left

rFire  . . .     SeeInvis .     b - +1 shortbow
rCold  . . .     Clarity  .     D - +0 scale mail (curse)
rNeg   . . .     rCorr    .     (no shield)
rPois  .         rRot     +     (no helmet)
rElec  .         Spirit   +     (no cloak)
SustAb .         Warding  .     j - +0 pair of gloves
rMut   .         Stasis   .     (no boots)
Gourm  .                        (no amulet)
MR     .....                    (no ring)
                                m - +3 ring of protection

@: confused, not resistant to hostile enchantments, extremely unstealthy
A: hooves 1, molten scales 1, magic shield, rot immunity
a: no special abilities


You were on level 3 of the Dungeon.
You were not hungry.

You visited 1 branch of the dungeon, and saw 3 of its levels.

You collected 224 gold pieces.

Inventory:

Hand weapons
 a - a +2,+2 short sword
 b - a +1,+1 shortbow (weapon)
 g - a -2,-3 hand axe
 q - a +0,+0 short sword
 x - a +0,+0 short sword
 y - a +0,+0 short sword
 A - a +0,+0 scythe
Missiles
 c - 29 arrows (quivered)
 v - 37 stones
 z - 2 throwing nets
Armour
 d - a +0 leather armour
 e - a +0 scale mail
 j - a +0 pair of gloves (worn)
 D - a cursed +0 scale mail (worn)
Comestibles
 f - a bread ration
 n - 3 meat rations
 o - 5 fruits
Scrolls
 h - a scroll of enchant armour {unknown}
 i - a scroll of identify
 r - 2 scrolls of recharging
 u - a scroll of teleportation {unknown}
 E - a scroll of remove curse
Jewellery
 m - a +3 ring of protection (left hand)
Potions
 k - a potion of degeneration
 l - 2 potions of lignification {unknown}
 s - 2 potions of heal wounds {unknown}
 t - 2 potions of haste {unknown}
 w - a potion of flight {unknown}
 B - a potion of poison {unknown}


   Skills:
 - Level 1.0 Fighting
 * Level 7.9 Bows
 - Level 1.7 Dodging
 - Level 0.8 Stealth


You had 6 spell levels left.
You didn't know any spells.

Dungeon Overview and Level Annotations

Branches:
Dungeon (3/15)

Altars:
Nemelex Xobeh
Qazlal


Innate Abilities, Weirdness & Mutations

You have large cloven feet.
You are partially covered in molten scales (AC +1).
When hurt, damage is shared between your health and your magic reserves.
You are immune to rotting.


Message History

Firing (i - inventory. (,) - cycle):
c - 33 arrows (quivered)
Press: ? - help, Shift-Dir - straight line You shoot an arrow.
The arrow hits the orc wizard!
Your attack snaps the orc wizard out of its fear.
The orc wizard is severely wounded.
You hear some strange, mumbled words.
You are confused.
Firing (i - inventory. (,) - cycle):
c - 32 arrows (quivered)
Press: ? - help, Shift-Dir - straight line, f - orc wizard
Aim: an orc wizard, wielding a dagger and wearing a robe (severely wounded, fleeing)
You shoot an arrow.
Firing (i - inventory. (,) - cycle):
c - 31 arrows (quivered)
Press: ? - help, Shift-Dir - straight line, f/p - orc wizard
Aim: an orc wizard, wielding a dagger and wearing a robe (severely wounded, fleeing)
You shoot an arrow.
Firing (i - inventory. (,) - cycle):
c - 30 arrows (quivered)
Press: ? - help, Shift-Dir - straight line, f/p - orc wizard
Aim: an orc wizard, wielding a dagger and wearing a robe (severely wounded, fleeing)
You shoot an arrow. Something hits you.
You die...

##..##^^.##..##
###..##.._..##..##
#...##.......##..#
#..##.^...^...##.#
#..#...#####...#.#
#..##.'#.#.#'.##.#
#...###..#..###..#
##....o.###.....##
#@{.##.....#####
#(#######'##### #(#
#......#### #.#
#......'... #o#
#...)..#### #.#
##....## #o# ######
#.# #######
######.#######.....#


You could see an orc wizard (fleeing) and 2 orcs.

Vanquished Creatures
  Sigmund (D:3)
  5 big kobolds (D:3)
  Terence (D:3)
  3 adders (D:2)
  2 gnolls (D:3)
  2 worms
  3 giant geckos
  2 orcs (D:3)
  6 giant cockroaches
  8 hobgoblins
  6 jackals
  A quokka (D:2)
  A ball python (D:3)
  9 bats
  3 giant newts
  10 goblins
  A hobgoblin skeleton (D:3)
  31 kobolds (D:3)
  5 rats
100 creatures vanquished.

Notes
Turn   | Place    | Note
--------------------------------------------------------------
     0 | D:1      | Quh, the Demonspawn Hunter, began the quest for the Orb.
     0 | D:1      | Reached XP level 1. HP: 15/15 MP: 1/1
   380 | D:1      | Reached skill level 4 in Bows
   405 | D:1      | Gained mutation: You are partially covered in molten scales (AC +1). [demonic ancestry]
   405 | D:1      | Reached XP level 2. HP: 21/21 MP: 2/2
   959 | D:2      | Found a stormy altar of Qazlal.
  1110 | D:2      | Gained mutation: You are immune to rotting. [demonic ancestry]
  1110 | D:2      | Reached XP level 3. HP: 23/26 MP: 3/3
  1395 | D:2      | Reached skill level 5 in Bows
  1581 | D:2      | Reached XP level 4. HP: 28/32 MP: 4/4
  1804 | D:3      | Noticed a big kobold
  1819 | D:3      | Killed a big kobold
  1819 | D:3      | Reached XP level 5. HP: 33/37 MP: 5/5
  1924 | D:3      | Reached skill level 6 in Bows
  2223 | D:3      | Noticed a big kobold
  2236 | D:3      | Killed a big kobold
  2252 | D:3      | Noticed a big kobold
  2252 | D:3      | Noticed a big kobold
  2252 | D:3      | Noticed a big kobold
  2279 | D:3      | Killed a big kobold
  2279 | D:3      | Gained mutation: When hurt, damage is shared between your health and your magic reserves. [demonic ancestry]
  2279 | D:3      | Reached XP level 6. HP: 26/43 MP: 6/6
  2292 | D:3      | Killed a big kobold
  2292 | D:3      | Reached skill level 7 in Bows
  2299 | D:3      | Killed a big kobold
  2743 | D:3      | Found a sparkling altar of Nemelex Xobeh.
  2822 | D:3      | Noticed Sigmund
  2880 | D:3      | Killed Sigmund
  2880 | D:3      | Gained mutation: You have large cloven feet. [demonic ancestry]
  2880 | D:3      | Reached XP level 7. HP: 34/48 MP: 7/7
  3091 | D:3      | Noticed Terence
  3099 | D:3      | Killed Terence
  3585 | D:3      | Slain by an orc wizard

Action                   |  1- 3 |  4- 6 |  7- 9 || total
-------------------------+-------+-------+-------++-------
Melee: Short sword       |   150 |   139 |    19 ||   308
 Fire: Shortbow          |    11 |   112 |    11 ||   134
  Use: Scroll            |     2 |       |     2 ||     4
       Potion            |       |     1 |       ||     1
